 Seeded DCSS version 0.25.1-2-g60ff931df9 (webtiles) character file.

Game seed: 12364180997856489815 (custom seed)

772 babuloseo the Shooter (level 8, -6/58 HPs)
             Began as a Human Arcane Marksman on Nov 3, 2020.
             Was a Follower of Okawaru.
             Mangled by an ogre
             ... wielding a +0 giant club
              (21 damage)
             ... on level 5 of the Dungeon.
             The game lasted 00:16:45 (6170 turns).

babuloseo the Shooter (Human Arcane Marksman)       Turns: 6170, Time: 00:16:45

Health: -6/58      AC:  3    Str: 11    XL:     8   Next: 9%
Magic:  2/11       EV: 12    Int: 14    God:    Okawaru [*.....]
Gold:   122        SH:  0    Dex: 15    Spells: 2/11 levels left

rFire    . . .     SeeInvis .   a - +0 shortbow
rCold    . . .     Gourm    .   (shield currently unavailable)
rNeg     . . .     Faith    .   g - +0 leather armour
rPois    .         Spirit   .   (no helmet)
rElec    .         Reflect  .   (no cloak)
rCorr    .         Harm     .   (no gloves)
MR       .....                  (no boots)
Stlth    ++........             (no amulet)
HPRegen  0.19/turn              (no ring)
MPRegen  0.12/turn              (no ring)

@: no status effects
A: no striking features
a: Heroism, Renounce Religion


You were on level 5 of the Dungeon.
You worshipped Okawaru.
Okawaru was aware of your devotion.
You were not hungry.

You visited 2 branches of the dungeon, and saw 6 of its levels.

You collected 122 gold pieces.

Inventory:

Hand Weapons
 a - a +0 shortbow (weapon)
 h - a +0 scimitar
Missiles
 d - 67 arrows (quivered)
 t - 3 atropa-tipped darts
 u - a throwing net
Armour
 e - a +0 robe
 g - a +0 leather armour (worn)
 n - a scarf of harm
Scrolls
 b - 3 scrolls of enchant weapon
 i - a scroll of blinking {unknown}
 j - 3 scrolls of remove curse {unknown}
 k - a scroll of fog {unknown}
 l - a scroll of magic mapping
 p - a scroll of fear {unknown}
 s - a scroll of enchant armour {unknown}
 w - a scroll of teleportation {unknown}
Potions
 c - 2 potions of lignification
 m - 2 potions of cancellation {unknown}
 o - a potion of invisibility
 q - a potion of heal wounds {unknown}
 r - a potion of flight {unknown}
 v - a potion of brilliance {unknown}
Comestibles
 f - 4 rations


   Skills:
 * Level 3.2 Fighting
 * Level 6.7 Bows
 + Level 1.7 Armour
 + Level 2.5 Dodging
 + Level 2.0 Stealth
 + Level 2.0 Spellcasting
 + Level 3.3 Hexes


You had 2 spell levels left.
You knew the following spells:

 Your Spells              Type           Power        Failure   Level  Hunger
a - Corona                Hex            ##.....      8%          1    ##.....
b - Slow                  Hex            ##......     12%         2    ###....
c - Portal Projectile     Hex/Tloc       #.....       43%         3    ####...
d - Inner Flame           Hex/Fire       #.......     43%         3    ####...

Your spell library contained the following spells:

 Spells                   Type           Power        Failure   Level  Hunger
 Cause Fear               Hex            ##........   61%         4    #####..
 Leda's Liquefaction      Hex/Erth       #.........   83%         4    #####..


Dungeon Overview and Level Annotations

Branches:
Dungeon (5/15)             Temple (1/1) D:5

Altars:
Ashenzari
Cheibriados
Dithmenos
Elyvilon
Fedhas
Hepliaklqana
Kikubaaqudgha
Makhleb
Nemelex Xobeh
Okawaru
Qazlal
Ru
Vehumet
Xom
Yredelemnul
Zin
The Shining One

Annotations:
D:5 Pikel


Message History

Firing (i - inventory. (/) - cycle)
d - 70 arrows (quivered)
Press: ? - help, Shift-Dir - straight line, f/p - ogre
Aim: an ogre, wielding a +0 giant club (heavily wounded, softly glowing)
You shoot an arrow. The arrow hits the ogre.
The ogre is severely wounded.
The ogre hits you with a +0 giant club!
Firing (i - inventory. (/) - cycle)
d - 69 arrows (quivered)
Press: ? - help, Shift-Dir - straight line, f/p - ogre
Aim: an ogre, wielding a +0 giant club (severely wounded, softly glowing)
You shoot an arrow. The arrow hits the ogre.
The ogre is severely wounded.
The ogre hits you with a +0 giant club!
* * * LOW HITPOINT WARNING * * *
Firing (i - inventory. (/) - cycle)
d - 68 arrows (quivered)
Press: ? - help, Shift-Dir - straight line, f/p - ogre
Aim: an ogre, wielding a +0 giant club (severely wounded, softly glowing)
You shoot an arrow. The arrow hits the ogre.
The ogre is almost dead.
The ogre hits you with a +0 giant club!!
You die...

......'..........................
#...###.....###.#######.#..#.####
###.# #.....# #.# #.#....#...
....# #.....# #.# #.#..####(#
#######.....###.# #.#..# #...
#..........##.# #.#..###..#
#..........##.# ####.#..#....#
#.............####....#..#.#...
#...........#O@....#.....#.####
#.........#.#.####..#....#...##
#.........#.#.......####.......
#.........#...#..#...####......
#.............#.......##...#..>
#............>##.##.#.....###..
#...........####.##..#..>.###..
###........## #.###.##....##.#
#........# #.##..##...##.##


You could see an ogre (corona).

Vanquished Creatures
  A slave (D:5)
  2 sky beasts (D:5)
  An ogre (D:4)
  2 bullfrog zombies (D:5)
  2 orc priests
  A jelly (D:5)
  4 orc wizards
  An iguana (D:5)
  Natasha (thrice) (D:2)
  A hound skeleton (D:5)
  A howler monkey skeleton (D:4)
  2 adders
  An ooze (D:2)
  An adder skeleton (D:5)
  A worm (D:2)
  18 orcs
  A ball python (D:1)
  6 giant cockroaches
  5 goblins
  6 hobgoblins
  4 jackals (D:2)
  A quokka (D:2)
  7 bats
  3 frilled lizards
  6 kobolds
  A leopard gecko skeleton (D:5)
  6 rats
88 creatures vanquished.

Notes
Turn   | Place    | Note
-------+----------+-------------------------------------------
     0 | D:1      | babuloseo the Human Arcane Marksman began the quest for the
                  | Orb.
     0 | D:1      | Reached XP level 1. HP: 15/15 MP: 2/2
    20 | D:2      | Reached XP level 2. HP: 21/21 MP: 3/3
    37 | D:2      | Learned a level 2 spell: Slow
   238 | D:4      | Noticed an ogre
   245 | D:4      | Killed an ogre
   245 | D:4      | Reached skill level 3 in Bows
   245 | D:4      | Reached skill level 1 in Stealth
   245 | D:4      | Reached XP level 3. HP: 27/27 MP: 1/4
   245 | D:4      | Reached XP level 4. HP: 33/33 MP: 1/5
   303 | D:4      | Reached XP level 5. HP: 34/38 MP: 4/6
   323 | D:5      | Entered Level 5 of the Dungeon
   604 | D:5      | Reached skill level 4 in Bows
   815 | D:5      | Found a staircase to the Ecumenical Temple.
   821 | Temple   | Entered the Ecumenical Temple
   859 | Temple   | Became a worshipper of Warmaster Okawaru
  1751 | D:1      | Learned a level 3 spell: Inner Flame
  1915 | D:2      | Noticed an air elemental
  1986 | D:2      | Found a stormy altar of Qazlal.
  1988 | D:2      | Noticed a water elemental
  1989 | D:2      | Noticed a fire elemental
  2056 | D:2      | Found a glowing silver altar of Zin.
  2187 | D:2      | Noticed Natasha
  2202 | D:2      | Killed Natasha
  2202 | D:2      | Reached XP level 6. HP: 24/44 MP: 4/7
  2589 | D:2      | Noticed Natasha
  2600 | D:2      | Killed Natasha
  2600 | D:2      | Reached skill level 1 in Armour
  2706 | D:2      | Noticed Natasha
  3091 | D:3      | Reached skill level 5 in Bows
  3516 | D:3      | Learned a level 3 spell: Portal Projectile
  4199 | D:2      | Killed Natasha
  4584 | D:5      | Reached XP level 7. HP: 23/51 MP: 4/8
  5179 | D:5      | Reached skill level 6 in Bows
  5498 | D:5      | Reached XP level 8. HP: 50/58 MP: 7/10
  5687 | D:5      | Reached * piety under Okawaru
  5920 | D:5      | Learned a level 3 spell: Inner Flame
  5979 | D:5      | Noticed Pikel
  6170 | D:5      | Mangled by an ogre

Illustrated notes

Levels and vault maps discovered:
D:1:      dpeg_arrival_stonehenge_8_columns, layout_basic
D:2:      layout_loops_ring, zin_treasury, nicolae_qazlal_style_of_elements,
          uniq_natasha
D:3:      layout_basic
D:4:      layout_gridville, serial_shops, nicolae_shop_statue_plus,
          serial_bayou_lake_a, uniq_ijyb, uniq_edmund, uniq_crazy_yiuf_cottage,
          uniq_robin
D:5:      layout_basic, minmay_temple_entry_wispy, first_ration,
          minmay_misc_feat_tiny, uniq_pikel
Temple:   nicolae_temple_elliptical

Skill      XL: |  1  2  3  4  5  6  7  8 |
---------------+-------------------------+-----
Bows           | 3 4 5 6 |  6.7
Stealth        | 1 2 |  2.0
Fighting       | 2 3 |  3.2
Armour         | 1 |  1.7
Spellcasting   | 2 |  2.0
Dodging        | |  2.5
Hexes          | |  3.3

Action                   |  1- 3 |  4- 6 |  7- 9 || total
-------------------------+-------+-------+-------++-------
Melee: Shortbow          |       |       |     1 ||     1
 Fire: Shortbow          |    22 |   255 |    99 ||   376
 Cast: Slow              |     1 |    12 |     9 ||    22
       Corona            |       |    23 |    15 ||    38
       Inner Flame       |       |     1 |     2 ||     3
  Use: Scroll            |     3 |     2 |     1 ||     6
       Potion            |       |     1 |       ||     1
  Eat: Chunk             |       |     9 |     6 ||    15
       Ration            |       |     1 |     1 ||     2
Armor: Robe              |       |     6 |       ||     6
       Leather armour    |       |    14 |    11 ||    25
Dodge: Dodged            |     2 |    83 |    28 ||   113
